 Dungeon Crawl Stone Soup version 0.28-b1-38-gff268fdeb9 (webtiles) character file.

Game seed: 9363050535553126882

9744 DildoBatman the Merchant of Misery (level 11, -7/81 HPs)
             Began as a Formicid Conjurer on Feb 3, 2022.
             Was a Believer of Kikubaaqudgha.
             Killed from afar by a gargoyle (22 damage)
             ... with a stone arrow
             ... on level 10 of the Dungeon.
             The game lasted 00:46:28 (12589 turns).

DildoBatman the Merchant of Misery (FoCj)          Turns: 12589, Time: 00:46:29

Health: -7/81      AC: 10    Str: 12    XL:     11   Next: 80%
Magic:  24/30      EV: 16    Int: 18    God:    Kikubaaqudgha [**....]
Gold:   805        SH:  4    Dex: 13    Spells: 12/24 levels left

rFire   + . .      SeeInvis +   a - +8 rapier of the Destroying Lamprey {vorpal, rF+}
rCold   . . .      Faith    .   R - +0 buckler
rNeg    . . .      Spirit   .   o - +1 troll leather armour {Pargi}
rPois   .          Reflect  .   (helmet unavailable)
rElec   .          Harm     .   M - +2 cloak {Stlth+}
rCorr   .          Rampage  .   (no gloves)
Will    +....                   t - +0 pair of boots
Stlth   +++.......              m - amulet of magic regeneration
HPRegen 1.03/turn               F - ring of magical power
MPRegen 0.62/turn               l - +4 ring of evasion

@: no status effects
A: permanent stasis, dig shafts and tunnels, antennae 3, four strong arms
a: Dig, Shaft Self, Renounce Religion, Receive Corpses


You were on level 10 of the Dungeon.
You worshipped Kikubaaqudgha.
Kikubaaqudgha was pleased with you.
You visited 2 branches of the dungeon, and saw 12 of its levels.
You also visited: Sewer.

You collected 805 gold pieces.

Inventory:

Hand Weapons
 a - the +8 rapier of the Destroying Lamprey (weapon) {vorpal, rF+}
   (You took it off a gnoll shaman on level 9 of the Dungeon)

   It inflicts extra damage upon your enemies.
   rF:        It protects you from fire.
 b - a +5 trident of flaming
 c - a +0 hunting sling
 d - a +5 dagger of venom
Missiles
 g - 95 arrows
 k - 14 sling bullets
 u - 6 poisoned darts
 v - a curare-tipped dart
 x - 21 bolts
 B - 7 boomerangs
 C - 293 stones
 P - 2 throwing nets
Armour
 o - a +1 troll leather armour (worn) {Pargi}
 t - a +0 pair of boots (worn)
 M - a +2 cloak of stealth (worn)
 O - +0 swamp dragon scales
 R - a +0 buckler (worn)
Magical Staves
 Q - a staff of conjuration
 W - a staff of poison
Jewellery
 l - a +4 ring of evasion (right hand)
 m - an amulet of magic regeneration (around neck)
 F - a ring of magical power (left hand)
 L - a ring of protection from cold
 S - a ring of protection from fire
Wands
 e - a wand of digging (5)
 G - a wand of iceblast (2)
 K - a wand of paralysis (3)
Scrolls
 n - 2 scrolls of noise {unknown}
 p - a scroll of immolation
 s - a scroll of vulnerability
 y - 2 scrolls of torment
 A - a scroll of acquirement
 D - a scroll of brand weapon
 E - 2 scrolls of fear {unknown}
 H - a scroll of enchant armour
 I - 3 scrolls of identify
 J - a scroll of fog {unknown}
 N - 2 scrolls of amnesia {unknown}
 T - a scroll of summoning {unknown}
Potions
 f - 3 potions of heal wounds
 h - 5 potions of might
 i - 2 potions of mutation {unknown}
 j - a potion of cancellation {unknown}
 q - a potion of invisibility {unknown}
 r - a potion of brilliance {unknown}
 w - 4 potions of haste
 z - 6 potions of curing {unknown}


   Skills:
 - Level 5.9 Fighting
 - Level 5.9 Armour
 - Level 3.9 Dodging
 - Level 2.4 Stealth
 - Level 3.0 Shields
 - Level 7.0 Spellcasting
 - Level 6.0 Conjurations
 * Level 7.3 Necromancy
 - Level 6.0 Transmutations
 - Level 6.0 Air Magic
 - Level 6.0 Poison Magic


You had 12 spell levels left.
You knew the following spells:

 Your Spells              Type           Power      Damage    Failure   Level
a - Searing Ray           Conj           54%        2d6       2%          2
b - Ignite Poison         Fire/Tmut/Pois 20%        N/A       10%         3
c - Magic Dart            Conj           100%       1d8       1%          1
d - Vampiric Draining     Necr           32%        2d8       2%          3
e - Mephitic Cloud        Conj/Pois/Air  27%        N/A       4%          3

Your spell library contained the following spells:

 Spells                   Type           Power      Damage    Failure   Level
 Animate Skeleton         Necr           64%        N/A       1%          1
 Sting                    Tmut/Pois      100%       1d8       1%          1
 Corpse Rot               Necr/Air       60%        N/A       1%          2
 Poisonous Vapours        Pois/Air       54%        N/A       2%          2
 Dazzling Flash           Conj/Hex       34%        N/A       14%         3
 Olgreb's Toxic Radiance  Pois           27%        N/A       14%         4
 Apportation              Tloc           12%        N/A       17%         1
 Agony                    Necr           32%        N/A       22%         5
 Alistair's Intoxication  Tmut/Pois      18%        N/A       36%         5
 Fulminant Prism          Conj/Hex       8%         3d7       43%         4
 Iskenderun's Mystic Bla  Conj/Tloc      17%        2d5       43%         4
 Lesser Beckoning         Tloc           6%         N/A       45%         3
 Freezing Cloud           Conj/Ice/Air   10%        6-21      65%         5
 Manifold Assault         Tloc           6%         N/A       99%         5
 Blink                    Tloc           Unusable   N/A       N/A         2

Dungeon Overview and Level Annotations

Branches:
Dungeon (11/15)            Temple (1/1) D:5           Sewer (visited)
   Lair: D:8-11         Orc: D:9-12

Altars:
Ashenzari
Cheibriados
Dithmenos
Elyvilon
Fedhas
Gozag
Hepliaklqana
Kikubaaqudgha
Makhleb
Nemelex Xobeh
Okawaru
Qazlal
Ru
Sif Muna
Trog
Uskayaw
Vehumet
Wu Jian
Xom
Yredelemnul
Zin
The Shining One

Shops:
D:10 (

Annotations:
D:5 1 exclusion
D:10 4 runed translucent doors, exclusion: sensed monster (detected)


Innate Abilities, Weirdness & Mutations

You cannot be hasted, slowed, berserked, paralysed or teleported.
You can dig through walls and to a lower floor.
You have a pair of large antennae on your head. (SInv)
Your four strong arms can wield two-handed weapons with a shield.


Message History

The ball explodes into a vile cloud!
What are your orders? t - Shout!
Orders for allies: a - Attack new target. r - Retreat! s - Stop attacking. g - Guard the area. f - Follow me.
Anything else - Cancel.
You shout for attention!
Casting: Mephitic Cloud (mildly dangerous; 4% risk of failure)
Confirm with . or Enter, or press ? or * to list all spells.
You ignite the poison in your surroundings!
The gargoyle is engulfed in blazing flames.
Casting: Ignite Poison (dangerous; 10% risk of failure)
Confirm with . or Enter, or press ? or * to list all spells.
You ignite the poison in your surroundings!
The gargoyle hurls a stone arrow at you.
The stone arrow misses you.
Casting: Ignite Poison (dangerous; 10% risk of failure)
Confirm with . or Enter, or press ? or * to list all spells.
Aiming: Mephitic Cloud (mildly dangerous; 4% risk of failure)
Press: ? - help, Shift-Dir - straight line The ball explodes into a vile cloud!
The stinking cloud engulfs the gargoyle but does no damage.
The gargoyle is moderately damaged.
The gargoyle hurls a stone arrow at you.
The stone arrow hits you!!
Casting: Mephitic Cloud (mildly dangerous; 4% risk of failure)
Confirm with . or Enter, or press ? or * to list all spells.
You ignite the poison in your surroundings!
The gargoyle hurls a stone arrow at you.
The stone arrow hits you!!
The gargoyle hurls a stone arrow at you.
The stone arrow misses you.
There is an open door here.
The gargoyle hurls a stone arrow at you.
The stone arrow hits you!!
The gargoyle hurls a stone arrow at you.
The stone arrow hits you!!
You die...
Kikubaaqudgha rasps: "You have failed me!
Welcome... death!"

# ########## #.# #
###.# # #...# #
########'### ##
#......9..# ### .##
#.........##### #..
..###
#.........+...####.>
#...##
#.........###....'..
###..# #.<@......#
######..
##.#########.........#
#).
#.....#.............#
###
#.###...#+#...#'#####
#.#...###.###)..#
#.#.### ... ###.##
#...# .#+#. #..#
####+.## ###.###
##.###### ### ......#
.# ... #. #.[....# #..


You could see a gargoyle.

Vanquished Creatures
  Harold (D:8)
  3 two-headed ogres
  A manticore (D:9)
  Maurice (D:8)
  Maggie (D:8)
  A slime creature (D:9)
  Sigmund (D:2)
  10 yaks
  A basilisk (D:10)
  Pargi (Sewer)
  3 orc warriors
  A hornet zombie (D:8)
  A necrophage (D:6)
  A black bear (D:3)
  4 ice beasts
  A centaur (D:9)
  2 ogres
  A phantom (D:4)
  2 bullfrogs
  2 kobold brigands
  2 gnoll sergeants (D:7)
  A wyvern zombie (D:8)
  2 scorpions (D:5)
  A water moccasin skeleton (D:4)
  2 electric eels (D:9)
  7 howler monkeys
  A gnoll shaman (D:9)
  4 centaur zombies
  2 jellies
  Crazy Yiuf (D:2)
  9 orc priests
  2 hounds
  3 centaur skeletons
  Jessica (D:3)
  3 iguanas
  Ijyb (D:4)
  10 orc wizards
  Natasha (D:3)
  A hound skeleton (D:5)
  A howler monkey zombie (D:5)
  17 gnolls
  12 adders
  6 river rats (D:6)
  3 white imps
  2 ufetubi
  An adder skeleton (D:4)
  6 worms
  3 dart slugs
  28 orcs
  14 bats
  8 endoplasms
  4 giant cockroaches
  12 hobgoblins
  5 jackals
  4 quokkas
  6 ball pythons
  11 frilled lizards
  4 goblins
  11 kobolds
  6 rats
257 creatures vanquished.

Vanquished Creatures (others)
  A fungus (D:3)
  8 plants
  6 withered plants (D:9)
15 creatures vanquished.

Grand Total: 272 creatures vanquished

Notes
Turn   | Place    | Note
-------+----------+-------------------------------------------
     0 | D:1      | DildoBatman the Formicid Conjurer began the quest for the
                  | Orb.
     0 | D:1      | Reached XP level 1. HP: 13/13 MP: 3/3
   284 | D:1      | Reached XP level 2. HP: 10/19 MP: 1/5
   287 | D:1      | Learned a level 2 spell: Searing Ray
   546 | D:1      | Found a faded altar of an unknown god.
   580 | D:1      | Reached XP level 3. HP: 24/24 MP: 2/6
  1466 | D:1      | Reached XP level 4. HP: 13/30 MP: 2/7
  1539 | D:2      | Reached skill level 5 in Conjurations
  2397 | D:3      | Reached XP level 5. HP: 35/35 MP: 2/8
  2644 | D:3      | Noticed Sigmund
  2982 | D:3      | Noticed Jessica
  3068 | D:4      | Identified a scroll of acquirement
  3135 | D:4      | Reached XP level 6. HP: 34/42 MP: 0/9
  3306 | D:4      | Noticed Natasha
  3364 | D:3      | Reached skill level 1 in Fighting
  3364 | D:3      | Reached skill level 1 in Armour
  4076 | D:4      | Noticed Ijyb
  4076 | D:4      | Noticed an ogre
  4294 | D:4      | Noticed a black bear
  4746 | D:5      | Entered Level 5 of the Dungeon
  4816 | D:5      | Reached XP level 7. HP: 46/48 MP: 9/12
  5091 | D:5      | Found a staircase to the Ecumenical Temple.
  5101 | Temple   | Entered the Ecumenical Temple
  5640 | D:6      | Reached skill level 5 in Spellcasting
  5850 | D:6      | Found a glowing drain.
  5862 | Sewer    | Entered a sewer
  5936 | Sewer    | Noticed Pargi
  5943 | Sewer    | Killed Pargi
  5944 | Sewer    | Reached XP level 8. HP: 56/56 MP: 11/17
  6729 | D:7      | Reached XP level 9. HP: 54/65 MP: 15/19
  7171 | D:8      | Noticed Maurice
  7294 | D:8      | Noticed Maggie
  7549 | D:8      | Noticed Harold
  7618 | D:8      | You fall into a shaft and drop 3 floors!
  7632 | D:10     | Entered Level 10 of the Dungeon
  7717 | D:10     | Reached skill level 5 in Fighting
  7717 | D:10     | Reached skill level 5 in Armour
  7901 | D:10     | Noticed a gargoyle
  7935 | D:10     | Found Irockoam's Weapon Emporium.
  8021 | D:9      | Found a blossoming altar of Fedhas.
  8022 | D:9      | Found an ancient bone altar of Kikubaaqudgha.
  8027 | D:9      | Became a worshipper of Kikubaaqudgha
  8135 | D:9      | Noticed a two-headed ogre
  8377 | D:8      | Learned a level 3 spell: Mephitic Cloud
  8515 | D:8      | Reached skill level 1 in Poison Magic
  8589 | D:8      | Reached skill level 1 in Air Magic
  8638 | D:8      | Reached * piety under Kikubaaqudgha
  8638 | D:8      | Received a gift from Kikubaaqudgha
  8643 | D:8      | Learned a level 3 spell: Vampiric Draining
  8647 | D:8      | Learned a level 3 spell: Ignite Poison
  8706 | D:5      | Reached skill level 1 in Transmutations
  8710 | D:5      | Reached skill level 1 in Necromancy
  8802 | D:5      | Reached XP level 10. HP: 76/76 MP: 20/20
  8826 | D:5      | Found a sacrificial altar of Ru.
  8856 | D:5      | Found a burning altar of Makhleb.
  9190 | D:5      | Found a glowing silver altar of Zin.
  9445 | D:4      | Killed Ijyb
  9741 | D:3      | Killed Jessica
  9748 | D:3      | Killed Natasha
  9758 | D:3      | Found a runed translucent door.
  9759 | D:3      | Noticed Crazy Yiuf
  9810 | D:2      | Killed Crazy Yiuf
  9810 | D:2      | Reached ** piety under Kikubaaqudgha
 10108 | D:2      | Killed Sigmund
 10419 | D:8      | Killed Maurice
 10420 | D:8      | Reached skill level 5 in Poison Magic
 10439 | D:8      | Killed Maggie
 10549 | D:8      | Killed Harold
 10680 | D:9      | Noticed a five-headed hydra
 10680 | D:9      | Noticed a red ugly thing
 10733 | D:9      | Noticed a manticore
 10756 | D:9      | Killed a manticore
 10757 | D:9      | Reached skill level 5 in Transmutations
 10795 | D:9      | Identified the +8 rapier of the Destroying Lamprey {vorpal,
                  | rF+}
 10852 | D:9      | Killed a two-headed ogre
 10853 | D:9      | Reached skill level 5 in Necromancy
 10853 | D:9      | Reached XP level 11. HP: 81/81 MP: 17/21
 11543 | D:9      | Reached skill level 5 in Air Magic
 11868 | D:9      | Reached skill level 1 in Shields
 11920 | D:9      | Found a glowing golden altar of the Shining One.
 11937 | D:9      | Noticed a two-headed ogre
 11967 | D:9      | Killed a two-headed ogre
 12298 | D:10     | Found a runed translucent door.
 12313 | D:10     | Noticed a two-headed ogre
 12334 | D:10     | Killed a two-headed ogre
 12351 | D:10     | Found a runed translucent door.
 12367 | D:10     | Found a runed translucent door.
 12386 | D:10     | Found a runed translucent door.
 12589 | D:10     | Killed from afar by a gargoyle

Illustrated notes

Levels and vault maps discovered:
D:1:      dpeg_arrival_rhombi, layout_basic,
          shapermc_ecumenical_altar_starsandcircs, minmay_unequal
D:2:      layout_basic, minmay_tree_intersection
D:3:      layout_rooms, hangedman_decor_clover_reticule, st_stairs_9,
          minmay_cupped, uniq_crazy_yiuf_cottage, uniq_jessica, uniq_sigmund
D:4:      minmay_door_path, layout_loops_cross, minmay_lizard_king, uniq_ijyb,
          uniq_natasha
D:5:      minmay_opposing_rooms, layout_basic,
          mainiacjoe_overflow_large_starburst, zin_treasury,
          minmay_temple_entry_proselytizer
D:6:      layout_gridville, lightli_sewer_entry_pipes
D:7:      layout_rooms
D:8:      layout_basic, nicolae_concentric_dashed_squares_mild,
          kennysheep_big_empty_room, uniq_maggie, uniq_maurice, uniq_harold
D:9:      minmay_tri_box, layout_basic, grunt_temple_overflow_growth_and_decay,
          amcnicky_altar_gilded, nrook_pool_corridor
D:10:     layout_roguey, erik_lair_dragon, serial_shops,
          nicolae_shop_bloodbath_and_beyond, minmay_statue_crystal_thing
D:11:     layout_stronghold, david_orc_3, uniq_gastronok, uniq_fannar
Temple:   eino_temple_rhombus

Skill      XL: |  1  2  3  4  5  6  7  8  9 10 11 |
---------------+----------------------------------+-----
Conjurations   | 4 5 6 |  6.0
Fighting       | 2 4 5 |  5.9
Armour         | 2 4 5 |  5.9
Spellcasting   | 3 6 7 |  7.0
Dodging        | 3 |  3.9
Poison Magic   | 3 6 |  6.0
Air Magic      | 1 4 6 |  6.0
Transmutations | 1 5 6 |  6.0
Necromancy     | 1 5 7 |  7.3
Shields        | 3 |  3.0
Stealth        | |  2.4

Action                   |  1- 3 |  4- 6 |  7- 9 | 10-12 || total
-------------------------+-------+-------+-------+-------++-------
Melee: Short sword       |    10 |       |       |       ||    10
       Trident           |       |       |    96 |   134 ||   230
       Punch             |       |       |     5 |     2 ||     7
       Rapier            |       |       |       |    30 ||    30
 Fire: Hunting sling     |       |    33 |    49 |       ||    82
 Cast: Magic Dart        |    40 |    77 |    25 |    34 ||   176
       Searing Ray       |     9 |    20 |    62 |    46 ||   137
       Vampiric Draining |       |       |       |    14 ||    14
       Mephitic Cloud    |       |       |       |    12 ||    12
       Ignite Poison     |       |       |       |     6 ||     6
 Abil: Dig               |       |     2 |     3 |     5 ||    10
       Shaft Self        |       |       |     1 |       ||     1
  Use: Scroll            |       |     3 |     6 |       ||     9
 Stab: Sleeping          |       |       |     2 |     3 ||     5
Armor: Robe              |       |     4 |     5 |       ||     9
       Troll leather arm |       |       |    41 |    78 ||   119
Dodge: Dodged            |    11 |    30 |   155 |   219 ||   415
Block: Buckler           |       |       |       |     9 ||     9
